 Dungeon Crawl Stone Soup version 0.20-a0-629-gc37eb77 (webtiles) character file.

795 kae the Slasher (level 7, 0/96 HPs)
             Began as a Minotaur Fighter on Feb 10, 2017.
             Was an Initiate of Okawaru.
             Killed by divine providence
             ... invoked by an orc priest
              (13 damage)
             ... on level 5 of the Dungeon.
             The game lasted 00:03:08 (3974 turns).

kae the Slasher (Minotaur Fighter)                  Turns: 3974, Time: 00:03:09

Health: 0/96       AC: 23    Str: 21    XL:     7   Next: 58%
Magic:  6/6        EV:  2    Int:  6    God:    Okawaru [......]
Gold:   233        SH:  9    Dex: 10    Spells: 6/6 levels left

rFire    . . .     SeeInvis .   a - +0 long sword
rCold    . . .     Gourm    .   (armour currently unavailable)
rNeg     + + +     Faith    .   c - +0 shield
rPois    +         Spirit   .   (helmet currently unavailable)
rElec    .         Reflect  .   (cloak currently unavailable)
rCorr    .         Harm     .   (gloves currently unavailable)
MR       .....     NoTele   +   (boots currently unavailable)
Stlth    +.........             (no amulet)
Regen    0.3/turn               b - +4 ring of evasion
                                (no ring)

@: tree-form
A: (retaliatory headbutt), (horns 0)
a: Renounce Religion


You were on level 5 of the Dungeon.
You worshipped Okawaru.
Okawaru was noncommittal.
You were hungry.
You were a tree.
You visited 2 branches of the dungeon, and saw 6 of its levels.

You collected 233 gold pieces.

Inventory:

Hand Weapons
 a - a +0 long sword (weapon)
Armour
 c - a +0 shield (worn)
 l - a +0 plate armour (melded)
Jewellery
 b - a +4 ring of evasion (right branch)
 i - an uncursed ring of ice
 j - an uncursed ring of magical power {unknown}
 k - an uncursed ring of stealth
Wands
 w - a wand of enslavement (10/24)
Scrolls
 e - 2 scrolls of amnesia
 h - a scroll of remove curse
Potions
 m - a potion of agility {unknown}
 n - a potion of flight {unknown}
 o - 2 potions of invisibility
 p - a potion of curing
 q - 2 potions of ambrosia {unknown}
 r - a potion of brilliance {unknown}
 t - a potion of magic {unknown}
 v - a potion of resistance {unknown}
Comestibles
 f - a bread ration
 g - 3 meat rations
 s - 4 fruits


   Skills:
 + Level 6.4 Fighting
 * Level 7.5 Long Blades
 + Level 6.1 Armour
 - Level 3.6 Shields


You had 6 spell levels left.
You didn't know any spells.

Dungeon Overview and Level Annotations

Branches:
Dungeon (5/15)             Temple (1/1) D:5

Altars:
Cheibriados
Elyvilon
Fedhas
Gozag
Kikubaaqudgha
Makhleb
Nemelex Xobeh
Okawaru
Qazlal
Ru
Sif Muna
Trog
Uskayaw
Vehumet
Yredelemnul
Zin
The Shining One


Innate Abilities, Weirdness & Mutations

((You reflexively headbutt those who attack you in melee.))
((You have a pair of horns on your head.))


Message History

You hit the orc priest.
The orc priest is heavily wounded.
You block the orc priest's attack. x2
You barely miss the orc priest.
The orc priest invokes the aid of Beogh against you.
Beogh smites you!
* * * LOW HITPOINT WARNING * * *
The orc priest hits you but does no damage.
You hit the orc priest.
The orc priest is severely wounded.
The orc priest hits you but does no damage. x2
You slash the orc priest!
You kill the orc priest!
Okawaru accepts your kill.
You closely miss the orc priest. You block the orc priest's attack.
The orc priest hits you but does no damage.
You hit the orc priest but do no damage.
The orc priest calls down the wrath of Beogh upon you.
Beogh smites you!
You die...

*,###### ###.#### ###..# *,*
#.# #.(.## *,* #.# #...# *,*
#[# #..## *,* #.# ##.## *,*
#### #.#####..# *,* #..###
##÷....(.## *,*
#....####..#####.# #### **,*
##.......♣..# ##.# #... **,*
###.##..[o.###..# ##.## **,*
#........##..######..# **,*
###.................## **,*
#.........##########
,,,********#.........#
,,**,,,*#............#******
,,,,,,,*#.####..#.....,,,,,*
***,,,,..,,,,...#.....,,**,*


You could see an orc priest.

Vanquished Creatures
  Menkaure (D:4)
  Edmund (D:4)
  2 ogres
  2 hounds (D:5)
  3 orc priests
  2 orc wizards
  A worker ant zombie (D:5)
  5 adders
  A worm (D:2)
  A dart slug (D:3)
  2 leopard geckos
  10 orcs
  6 bats
  4 giant cockroaches
  11 goblins
  12 hobgoblins
  8 kobolds
  A quokka (D:4)
  2 ball pythons
  7 frilled lizards
  5 rats
87 creatures vanquished.

Vanquished Creatures (others)
  The ghost of nubinia the Magician, a weakling DEAE (D:3)
1 creature vanquished.

Grand Total: 88 creatures vanquished

Notes
Turn   | Place    | Note
-------+----------+-------------------------------------------
     0 | D:1      | kae the Minotaur Fighter began the quest for the Orb.
     0 | D:1      | Reached XP level 1. HP: 19/19 MP: 0/0
   238 | D:1      | Reached XP level 2. HP: 27/27 MP: 1/1
   309 | D:1      | Reached skill level 3 in Long Blades
   812 | D:2      | Reached XP level 3. HP: 27/33 MP: 2/2
  1083 | D:2      | Found a stormy altar of Qazlal.
  1086 | D:2      | Found a sparkling altar of Nemelex Xobeh.
  1410 | D:3      | Found a hide-covered altar of Uskayaw.
  1442 | D:3      | Reached XP level 4. HP: 35/41 MP: 3/3
  1771 | D:3      | Noticed nubinia's ghost (weakling DEAE)
  1781 | D:3      | Killed nubinia's ghost
  1781 | D:3      | Reached skill level 4 in Long Blades
  2110 | D:3      | Reached XP level 5. HP: 47/47 MP: 4/4
  2279 | D:4      | Noticed Menkaure
  2429 | D:4      | Noticed Edmund
  2430 | D:4      | Killed Menkaure
  2430 | D:4      | Reached skill level 5 in Fighting
  2430 | D:4      | Reached skill level 5 in Long Blades
  2430 | D:4      | Reached skill level 5 in Armour
  2598 | D:4      | Killed Edmund
  2598 | D:4      | Reached skill level 6 in Long Blades
  2598 | D:4      | Reached XP level 6. HP: 43/56 MP: 5/5
  3114 | D:4      | Reached XP level 7. HP: 49/62 MP: 6/6
  3535 | D:5      | Entered Level 5 of the Dungeon
  3562 | D:5      | Reached skill level 7 in Long Blades
  3749 | D:5      | Found a staircase to the Ecumenical Temple.
  3841 | Temple   | Entered the Ecumenical Temple
  3911 | Temple   | Became a worshipper of Warmaster Okawaru
  3974 | D:5      | Killed from afar by an orc priest

Vault maps used:
D:1:      mushboom_english_gardens
D:2:      minitemple, grunt_decor_cap, guppyfry_early_orc_mine
D:3:      nicolae_overflow_crystal_walls
D:4:      uniq_menkaure, uniq_edmund
D:5:      minmay_temple_entry_enclosed_plants, basic_altar, first_bread,
          okawaru_trees_1
Temple:   eino_temple_lava

Skill      XL: |  1  2  3  4  5  6  7 |
---------------+----------------------+-----
Long Blades    | 3 4 6 7 |  7.5
Armour         | 4 5 6 |  6.1
Fighting       | 4 5 6 |  6.4
Shields        | |  3.6

Action                   |  1- 3 |  4- 6 |  7- 9 || total
-------------------------+-------+-------+-------++-------
Melee: Long sword        |   102 |    76 |    57 ||   235
       Headbutt          |    13 |    15 |    13 ||    41
  Use: Scroll            |       |     5 |     1 ||     6
       Potion            |       |     1 |     2 ||     3
  Eat: Chunk             |     1 |     3 |       ||     4
       Meat ration       |       |     1 |       ||     1
Armor: Scale mail        |    19 |       |       ||    19
       Plate armour      |    35 |    31 |    20 ||    86
       Skin              |       |       |     5 ||     5
Dodge: Dodged            |    34 |    26 |    18 ||    78
Block: Shield            |    67 |    33 |    26 ||   126
       Rpst.: Long sword |     9 |     6 |     4 ||    19
